 Dungeon Crawl Stone Soup version 0.28-a0-683-ga8797d1ae1 (webtiles) character file.

Game seed: 16954779814362901279

51 ytrimaz the Ducker (level 3, -1/26 HPs)
             Began as an Octopode Fighter on Oct 18, 2021.
             Succumbed to an adder's poison
             ... on level 2 of the Dungeon.
             The game lasted 00:04:10 (1164 turns).

ytrimaz the Ducker (Octopode Fighter)               Turns: 1164, Time: 00:04:10

Health: -1/26      AC:  1    Str: 15    XL:     3   Next: 81%
Magic:  3/3        EV: 14    Int: 10    God:
Gold:   84         SH:  5    Dex: 12    Spells: 2/2 levels left

rFire   . . .      SeeInvis .   a - +0 long sword
rCold   . . .      Faith    .   b - +0 buckler
rNeg    . . .      Spirit   .   (helmet restricted)
rPois   .          Reflect  .   (no amulet)
rElec   .          Harm     .   i - ring of wizardry
rCorr   .          Rampage  .   (no ring)
Will    .....                   (no ring)
Stlth   ++........              (no ring)
HPRegen 0.08/turn               (no ring)
MPRegen 0.08/turn               (no ring)
                                (no ring)
                                (no ring)

@: lethally poisoned (-1 -> -8)
A: almost no armour, amphibious, 8 rings, camouflage 1, gelatinous body 1,
(nimble swimmer 1), tentacles
a: no special abilities


You were on level 2 of the Dungeon.
You visited 1 branch of the dungeon, and saw 2 of its levels.

You collected 84 gold pieces.

Inventory:

Hand Weapons
 a - a +0 long sword (weapon)
 e - a +1 dagger of speed
Armour
 b - a +0 buckler (worn)
Jewellery
 i - a ring of wizardry (left tentacle)
Scrolls
 d - a scroll of amnesia {unknown}
 f - 2 scrolls of identify {unknown}
 g - a scroll of enchant weapon {unknown}
 h - 2 scrolls of teleportation {unknown}
 k - a scroll of magic mapping {unknown}
Potions
 c - a potion of might
 j - a potion of ambrosia {unknown}


   Skills:
 - Level 3.0 Fighting
 - Level 2.0 Long Blades
 * Level 3.9 Dodging
 * Level 3.8 Shields


You had 2 spell levels left.
You didn't know any spells.
Your spell library was empty.

Dungeon Overview and Level Annotations

Branches:
Dungeon (2/15)

Altars:


Innate Abilities, Weirdness & Mutations

You cannot wear most types of armour.
You are amphibious.
You can wear up to eight rings at the same time.
Your skin changes colour to match your surroundings (Stealth+).
Your rubbery body absorbs attacks. (AC +1, EV +1)
((You are camouflaged near water. (Stealth+)))
You have tentacles for arms and can constrict up to eight enemies at once.


Message History

The hobgoblin shouts!
The ball python hisses angrily.
You hear an angry hiss.
The hobgoblin moves out of view.
You slash the ball python!
You kill the ball python!
An adder comes into view.
You see here a ball python corpse.
The hobgoblin hits you. The adder closely misses you. The hobgoblin hits you.
The adder bites you.
You closely miss the adder. Your grab misses the adder.
The adder completely misses you. You block the hobgoblin's attack.
You slash the adder! Your grab misses the adder.
The adder is severely wounded.
The adder barely misses you. The hobgoblin closely misses you.
The adder barely misses you. You block the hobgoblin's attack.
You miss the adder. You grab the adder.
The adder is severely wounded.
You constrict the adder. The adder bites you.
The hobgoblin hits you but does no damage.
The adder misses you.
You barely miss the adder.
The adder is almost dead.
You constrict the adder. The adder bites you.
You are poisoned.
The adder poisons you! The hobgoblin hits you. The adder bites you.
You are lethally poisoned!
The adder poisons you!
You slash the adder!
You kill the adder!
* * * LOW HITPOINT WARNING * * *
You feel very sick. The hobgoblin misses you. The hobgoblin hits you.
* * * LOW HITPOINT WARNING * * *
Unknown command.
Okay, then.
Unknown command.
You hit the hobgoblin. You grab the hobgoblin.
The hobgoblin is almost dead.
You constrict the hobgoblin.
You kill the hobgoblin!
You die...

#........
#........
#........
####.^......
#....#######
#.##.# #
#†####
##.†..##.#
#.@†......
#...<##...##
###### .#...
. ## . .#


There were no monsters in sight!

Vanquished Creatures
  An adder (D:2)
  An ufetubus (D:2)
  A worm (D:2)
  2 bats (D:1)
  An endoplasm (D:1)
  A giant cockroach (D:1)
  3 hobgoblins
  4 jackals (D:1)
  4 kobolds
  A quokka (D:1)
  5 ball pythons
  4 frilled lizards (D:1)
  2 goblins (D:1)
  4 rats
34 creatures vanquished.

Notes
Turn   | Place    | Note
-------+----------+-------------------------------------------
     0 | D:1      | ytrimaz the Octopode Fighter began the quest for the Orb.
     0 | D:1      | Reached XP level 1. HP: 16/16 MP: 1/1
   284 | D:1      | Reached XP level 2. HP: 21/21 MP: 2/2
   851 | D:1      | Reached XP level 3. HP: 26/26 MP: 3/3
  1163 | D:2      | HP: 1/26 [hobgoblin (4)]
  1164 | D:2      | Succumbed to an adder's poison

Illustrated notes

Levels and vault maps discovered:
D:1:      amcnicky_arrival_single_pillar, layout_basic
D:2:      layout_basic, shapermc_ecumenical_altar_rom_forum,
          minmay_goblin_kobold_house, uniq_natasha

Action                   || total
-------------------------++-------
Melee: Long sword        ||    66
       Constrict         ||    18
       Tentacles         ||     3
 Stab: Sleeping          ||     2
Armor: Skin              ||     4
Dodge: Dodged            ||    61
Block: Buckler           ||    21

Table legend: (Time is in decaauts)
 A = Elapsed time spent in this place.
 B = Non-inter-level travel time spent in this place.
 C = Inter-level travel time spent in this place.
 D = Time resting spent in this place.
 E = Time spent auto-exploring this place.
 F = Levels seen in this place.
 G = Mean time per level.
                   A        B        C        D        E       F      G
               +--------+--------+--------+--------+--------+-----+--------+
         Total |   1183 |   1172 |     11 |      0 |    866 |   2 |  591.5 |
       Dungeon |   1183 |   1172 |     11 |      0 |    866 |   2 |  591.5 |
               +--------+--------+--------+--------+--------+-----+--------+

Top non-repeatable levels by time:
     D:1: 1063 daAuts
     D:2: 119 daAuts
